 Dungeon Crawl Stone Soup version 0.29-a0-490-g77b3608bb8 (webtiles) character file.

Game seed: 6758794507327777664

12 Hubjo the Firebug (level 2, -1/16 HPs)
             Began as a Deep Elf Fire Elementalist on May 26, 2022.
             Was a Believer of Lugonu.
             Slain by a rat (2 damage)
             ... on level 1 of the Dungeon.
             The game lasted 00:01:14 (1000 turns).

Hubjo the Firebug (Deep Elf Fire Elementalist)      Turns: 1000, Time: 00:01:15

Health: -1/16      AC:  2    Str:  5    XL:     2   Next: 20%
Magic:  8/8        EV: 12    Int: 19    God:    Lugonu [**....]
Gold:   17         SH:  0    Dex: 15    Spells: 6/7 levels left

rFire   . . .      SeeInvis .   (no weapon)
rCold   . . .      Faith    .   (no shield)
rNeg    . . .      Spirit   .   a - +0 robe
rPois   .          Reflect  .   (no helmet)
rElec   .          Harm     .   (no cloak)
rCorr   .          Rampage  .   (no gloves)
Will    .....                   (no boots)
Stlth   ++........              (no amulet)
HPRegen 0.05/turn               (no ring)
MPRegen 0.11/turn               (no ring)

@: no status effects
A: no striking features
a: Renounce Religion, Depart the Abyss, Bend Space


You were on level 1 of the Dungeon.
You worshipped Lugonu.
Lugonu was pleased with you.
You visited 1 branch of the dungeon, and saw 1 of its levels.

You collected 17 gold pieces.

Inventory:

Armour
 a - a +0 robe (worn)
Scrolls
 e - a scroll of immolation {unknown}
 f - a scroll of identify {unknown}
Potions
 b - a potion of magic
 c - a potion of mutation {unknown}
 d - a potion of curing {unknown}
 g - a potion of lignification {unknown}


   Skills:
 * Level 0.8 Fighting
 - Level 2.4 Dodging
 + Level 2.7 Stealth
 + Level 3.2 Spellcasting
 - Level 1.1 Conjurations
 + Level 3.4 Fire Magic


You had 6 spell levels left.
You knew the following spells:

 Your Spells              Type           Power      Damage    Failure   Level
a - Foxfire               Conj/Fire      44%        2x1d6     6%          1

Your spell library contained the following spells:

 Spells                   Type           Power      Damage    Failure   Level
 Scorch                   Fire           32%        2d6       5%          2
 Conjure Flame            Conj/Fire      11%        6-21      17%         3
 Inner Flame              Hex/Fire       9%         N/A       22%         3
 Flame Wave               Conj/Fire      11%        2d5       50%         4


Dungeon Overview and Level Annotations

Branches:
Dungeon (1/15)

Altars:
Lugonu


Message History

The rat closely misses you. The rat bites you. The rat bites you.
The rat closely misses you. The rat misses you. The rat barely misses you.
The rat closely misses you. The rat barely misses you. The rat bites you.
The rat closely misses you. The rat barely misses you. The rat bites you.
The rat barely misses you. The rat closely misses you.
The rat closely misses you. The rat completely misses you.
The rat closely misses you. The rat bites you. The rat closely misses you.
The rat bites you.
* * * LOW HITPOINT WARNING * * *
The rat barely misses you. The rat misses you. The rat barely misses you.
The rat barely misses you. The rat bites you.
* * * LOW HITPOINT WARNING * * *
The rat closely misses you. The rat bites you.
* * * LOW HITPOINT WARNING * * *
The rat bites you but does no damage. The rat closely misses you.
The rat barely misses you. The rat bites you but does no damage.
The rat misses you. The rat bites you but does no damage.
The rat bites you but does no damage. The rat completely misses you.
The rat bites you.
You die...

.. #≈≈...<....# †##
#≈≈.........
.##.########.........
................#####
.........########
##+####..# ##...#
####### ##....#
#...... #@...##
#.#..## #.r..##
#.#..## +....##
#.#.... ##..##
#.#.##. ##.. #.#....
##. #...... # ###.##.
#.##. #.##.


You could see a rat.

Vanquished Creatures
  A dart slug (D:1)
  A goblin (D:1)
  3 hobgoblins (D:1)
  A kobold (D:1)
  A quokka (D:1)
  A bat (D:1)
  A frilled lizard (D:1)
9 creatures vanquished.

Vanquished Creatures (others)
  58 foxfires (D:1)
58 creatures vanquished.

Grand Total: 67 creatures vanquished

Notes
Turn   | Place    | Note
-------+----------+-------------------------------------------
     0 | D:1      | Hubjo the Deep Elf Fire Elementalist began the quest for
                  | the Orb.
     0 | D:1      | Reached XP level 1. HP: 10/10 MP: 6/6
   520 | D:1      | Found a faded altar of an unknown god.
   597 | D:1      | Reached XP level 2. HP: 16/16 MP: 4/8
   898 | D:1      | Prayed at the altar of an unknown god.
   898 | D:1      | Became a worshipper of Lugonu the Unformed
   898 | D:1      | Reached * piety under Lugonu
   898 | D:1      | Reached ** piety under Lugonu
  1000 | D:1      | Slain by a rat

Illustrated notes

Levels and vault maps discovered:
D:1:      dpeg_arrival_pond, layout_loops_cross, ebering_ecumenical_altar_hall,
          grunt_decor_arrowhead

Action                   || total
-------------------------++-------
 Cast: Foxfire           ||    38
Armor: Robe              ||     5
Dodge: Dodged            ||    23

Table legend: (Time is in decaauts)
 A = Elapsed time spent in this place.
 B = Non-inter-level travel time spent in this place.
 C = Inter-level travel time spent in this place.
 D = Time resting spent in this place.
 E = Time spent auto-exploring this place.
 F = Levels seen in this place.
 G = Mean time per level.
                   A        B        C        D        E       F      G
               +--------+--------+--------+--------+--------+-----+--------+
         Total |   1000 |    943 |     57 |      0 |    810 |   1 | 1000.0 |
       Dungeon |   1000 |    943 |     57 |      0 |    810 |   1 | 1000.0 |
               +--------+--------+--------+--------+--------+-----+--------+

Top non-repeatable levels by time:
     D:1: 1000 daAuts
